[Event "The Allsvenskan 2024/25 Div I 3: SS Manhem II - Lidkopings SS"]
[Site "Goteborgs Schackcentrum, Vegatan 20, Gothenburg, Sweden"]
[Date "2024.11.17"]
[Round "1.1"]
[White "Al Waeli, Laith"]
[Black "Outgajjouft, Said"]
[Result "0-1"]
[TimeControl "90 minutes for 40 moves + 30 minutes for the rest of the game + 30 seconds per move from move one."]
[WhiteTitle "FM"]
[WhiteFideId "4801059"]
[BlackFideId "1716174"]
[WhiteElo "2049"]
[BlackElo "2045"]

1. e4 Nf6 2. d3 d5 3. e5 Nfd7 4. Nf3 c5 5. Qe2 Nb6 6. a4 Bg4 7. Nbd2 Nc6 8. h3 Nd4 9. Qd1 Nxf3+ 10. Nxf3 Bh5 11. g4 Bg6 12. e6 Qd6 13. exf7+ Bxf7 14. a5 Nd7 15. d4 cxd4 16. Nxd4 a6 17. Bg2 g6 18. c3 Bg7 19. Be3 O-O 20.
O-O Rad8 21. Nf3 h6 22. Qd2 Kh7 23. Bf4 e5 24. Bg3 Nc5 25. Qc2 Ne6 26. Rfe1 Nf4 27. Rad1 Bg8 28. Bf1 Nxh3+ 29. Bxh3 Rxf3 30. Qe2 Rdf8 31.
Bg2 Rxg3 32. fxg3 e4 33. Qxe4 Qxg3 34. Qe2 Rf4 35. Rd3 Qh4 36. Rh3 Qg5 37. Rg3 d4 38. Bxb7 dxc3 39. bxc3 Qxa5 40.
Qe3 Rc4 41. Rh3 Rxg4+ 42. Rg3 Rxg3+ 43. Qxg3 Qb6+ 44. Re3 Qxb7 45. Rd3 Qc6 46. Rd6 Qc5+ 47. Kh1 Bd5+ 48. Kh2 Be4 49. Rd7 Bf5 50.
Rc7 Qa5 51. Qd6 Qa2+ 52. Kg3 a5 53. Qe5 Qg8 54. Qxa5 Qe6 55. Qc5 Qf6 56. Qe3 h5 57. Qe7 Qxe7 58. Rxe7 Kh6 59. c4 Bf6 60.
Re8 h4+ 61. Kf4 Bg5+ 62. Kf3 Bc1 63. c5 Kg5 64. c6 h3 65. Re1 Ba3 66. Rg1+ Kf6 67. Rd1 Ke7 68. c7 Bd6 69. Rc1 h2 70.
Kg2 Be4+ 71. Kh3 Bb7 0-1

[Event "The Allsvenskan 2024/25 Div I 3: SS Manhem II - Lidkopings SS"]
[Site "Goteborgs Schackcentrum, Vegatan 20, Gothenburg, Sweden"]
[Date "2024.11.17"]
[Round "1.2"]
[White "Bengtsson, Jessica"]
[Black "Fransson, Peter"]
[Result "1/2-1/2"]
[TimeControl "90 minutes for 40 moves + 30 minutes for the rest of the game + 30 seconds per move from move one."]
[WhiteTitle "WFM"]
[WhiteFideId "1711083"]
[BlackFideId "1701142"]
[WhiteElo "2016"]
[BlackElo "2259"]

1. e4 c5 2. c3 a6 3. d4 cxd4 4. cxd4 d5 5. exd5 Nf6 6. Nc3 Nxd5 7. Nf3 Nc6 8. a3 e6 9. Bd3 Be7 10.
O-O Nf6 11. Re1 h6 12. Bc2 b5 13. Ne4 Bb7 14. Nxf6+ gxf6 15. Bf4 Na5 16. Be4 Bxe4 17. Rxe4 Qd5 18. Re3 Rc8 19. Rc1 Rxc1 20.
Qxc1 Nc6 21. Rc3 Kd7 22. Bxh6 Rg8 23. Qe3 Rg4 24. Rd3 Bd6 25. h3 Rg8 26. Bf4 Ne7 27. Bxd6 Qxd6 28. Ne5+ Ke8 29.
Ng4 Nd5 30. Qf3 Ke7 31. Rd1 Qf4 32. Qxf4 Nxf4 33. Re1 Rd8 34. Ne3 Kf8 35. Nc2 Rc8 36. Ne3 Rd8 37. Nc2 Rc8 38. Ne3 Rd8 1/2-1/2

[Event "The Allsvenskan 2024/25 Div I 3: SS Manhem II - Lidkopings SS"]
[Site "Goteborgs Schackcentrum, Vegatan 20, Gothenburg, Sweden"]
[Date "2024.11.17"]
[Round "1.3"]
[White "Bergenwall, Henric"]
[Black "Bengtsson, Jonas"]
[Result "1-0"]
[TimeControl "90 minutes for 40 moves + 30 minutes for the rest of the game + 30 seconds per move from move one."]
[WhiteFideId "1747924"]
[BlackFideId "1715135"]
[WhiteElo "1991"]
[BlackElo "2007"]

1. e4 c5 2. Nf3 e6 3. g3 Nc6 4. Bg2 d5 5. exd5 exd5 6. d4 Bd6 7. O-O Nge7 8. dxc5 Bxc5 9. c3 O-O 10.
Nbd2 Bg4 11. Nb3 Bb6 12. h3 Bh5 13. g4 Bg6 14. Nfd4 Qd7 15. Bf4 Rad8 16. Qd2 f6 17. Rfe1 Bf7 18.
Re2 Ng6 19. Bg3 Nge5 20. Nxc6 Nxc6 21. Nd4 Nxd4 22. cxd4 Qa4 23. b4 Rfe8 24. Rae1 Rxe2 25. Rxe2 a5 26. f4 Qxb4 27. Qxb4 axb4 28.
Bf2 Rc8 29. Re7 Rc1+ 30. Bf1 Rc7 31. Rxc7 Bxc7 32. Be3 Be8 33. Kf2 Kf7 34. Bg2 Bc6 35. f5 Ke7 36. h4 Kd6 37. g5 Bd8 38.
Bd2 Ba5 39. Bf4+ Ke7 40. g6 hxg6 41. fxg6 Ke6 42. h5 Be8 43. Bh3+ Ke7 44. Bf5 Kf8 45. Bd6+ Kg8 46. Be6+ Kh8 47.
Bxd5 Bc6 48. Bf7 Bd7 49. Bf8 1-0

[Event "The Allsvenskan 2024/25 Div I 3: SS Manhem II - Lidkopings SS"]
[Site "Goteborgs Schackcentrum, Vegatan 20, Gothenburg, Sweden"]
[Date "2024.11.17"]
[Round "1.4"]
[White "Krantz, Martin"]
[Black "Nyberg, Arne"]
[Result "1-0"]
[TimeControl "90 minutes for 40 moves + 30 minutes for the rest of the game + 30 seconds per move from move one."]
[WhiteFideId "1724100"]
[BlackFideId "1731815"]
[WhiteElo "2008"]
[BlackElo "1926"]

1. c4 Nf6 2. Nf3 g6 3. g3 Bg7 4. Bg2 O-O 5. O-O c5 6. d4 cxd4 7. Nxd4 Nc6 8. Nc3 Qb6 9. Nc2 d6 10.
b3 Bf5 11. e4 Bg4 12. Qd2 Ne5 13.
Qe3 Qxe3 14. Bxe3 Bf3 15. Rab1 Bxg2 16. Kxg2 Nc6 17. h3 Ng4 18.
hxg4 Bxc3 19. Rfd1 Nb4 20. Nxb4 Bxb4 21. Rd5 a6 22. a4 Rac8 23. Rbd1 Rc6 24. f4 Rfc8 25. Kf3 Bc5 26. Bxc5 Rxc5 27.
Ke3 Kf8 28. Rxc5 Rxc5 29. Kd4 e5+ 30. Kc3 Ke7 31. Rh1 exf4 32. gxf4 h5 33. b4 Rc8 34. gxh5 Rh8 35. h6 f5 36.
Kd4 fxe4 37. Kxe4 Ke6 38. h7 Kf6 39. Kd5 Kf5 40. Rh4 1-0

[Event "The Allsvenskan 2024/25 Div I 3: SS Manhem II - Lidkopings SS"]
[Site "Goteborgs Schackcentrum, Vegatan 20, Gothenburg, Sweden"]
[Date "2024.11.17"]
[Round "1.5"]
[White "Isurina Mariano, Cristine Rose"]
[Black "Lisander, Stefan"]
[Result "1-0"]
[TimeControl "90 minutes for 40 moves + 30 minutes for the rest of the game + 30 seconds per move from move one."]
[WhiteTitle "WIM"]
[WhiteFideId "5201071"]
[BlackFideId "1711733"]
[WhiteElo "1962"]
[BlackElo "2014"]

1. e4 c6 2. d3 d5 3. e5 e6 4. g3 c5 5. Bg2 Nc6 6. f4 f6 7. Nf3 g6 8. c3 Bg7 9. d4 cxd4 10.
cxd4 Nge7 11. O-O Qb6 12. Kh1 Bd7 13. Nc3 O-O 14. b3 Rac8 15. Na4 Qc7 16. Ba3 b6 17. Rc1 f5 18. Bxe7 1-0

[Event "The Allsvenskan 2024/25 Div I 3: SS Manhem II - Lidkopings SS"]
[Site "Goteborgs Schackcentrum, Vegatan 20, Gothenburg, Sweden"]
[Date "2024.11.17"]
[Round "1.6"]
[White "Bengtsson, Siv"]
[Black "Jonsson, Mose"]
[Result "0-1"]
[TimeControl "90 minutes for 40 moves + 30 minutes for the rest of the game + 30 seconds per move from move one."]
[WhiteFideId "1701673"]
[BlackFideId "1756885"]
[WhiteElo "1972"]
[BlackElo "1887"]

1. e4 c6 2. d4 d5 3. e5 Bf5 4. h4 h5 5. Bd3 Bxd3 6. Qxd3 e6 7. Bg5 Be7 8. Nf3 Nd7 9. Nc3 a6 10.
O-O c5 11. dxc5 Nxc5 12. Qe2 Bxg5 13. Nxg5 Ne7 14. a4 Qc7 15. Rfe1 Nf5 16. Nf3 Qb6 17. Qd2 Rc8 18. a5 Qb4 19.
Ne4 Qxb2 20. Nxc5 Rxc5 21. Reb1 Qxc2 22. Qg5 Rxa5 23. Rc1 Rxa1 24. Rxa1 Qc7 25. Rc1 Qd8 26. Qf4 O-O 27. Qb4 Qd7 28.
g4 hxg4 29. Qxg4 Rc8 30. Rd1 Qe7 31. Ng5 Rc4 32. f4 Qc5+ 33. Kh1 Qf2 34. Nf3 Ng3+ 0-1

[Event "The Allsvenskan 2024/25 Div I 3: SS Manhem II - Lidkopings SS"]
[Site "Goteborgs Schackcentrum, Vegatan 20, Gothenburg, Sweden"]
[Date "2024.11.17"]
[Round "1.7"]
[White "Koski, Viljo"]
[Black "Herrman, Jan"]
[Result "1-0"]
[TimeControl "90 minutes for 40 moves + 30 minutes for the rest of the game + 30 seconds per move from move one."]
[WhiteFideId "1717553"]
[BlackFideId "1731882"]
[WhiteElo "1919"]
[BlackElo "1918"]

1. d4 Nf6 2. c4 c5 3. Nf3 cxd4 4. Nxd4 Nc6 5. Nc3 e6 6. a3 Be7 7. e4 O-O 8. Be2 Qc7 9. O-O a6 10.
Bg5 d6 11. Qd2 b6 12. Rac1 Bb7 13. Nxc6 Bxc6 14. f3 Rac8 15. Rfd1 Rfd8 16. Qe1 Qb7 17. Be3 b5 18. cxb5 Bxb5 19.
Nxb5 axb5 20. Qa5 Rb8 21. Rc7 1-0

[Event "The Allsvenskan 2024/25 Div I 3: SS Manhem II - Lidkopings SS"]
[Site "Goteborgs Schackcentrum, Vegatan 20, Gothenburg, Sweden"]
[Date "2024.11.17"]
[Round "1.8"]
[White "Abrahamsson, Patrik"]
[Black "Isacsson, Jorgen"]
[Result "1-0"]
[TimeControl "90 minutes for 40 moves + 30 minutes for the rest of the game + 30 seconds per move from move one."]
[WhiteFideId "1716484"]
[BlackFideId "1738399"]
[WhiteElo "1959"]
[BlackElo "1812"]

1. e4 d6 2. d4 Nf6 3. Nc3 g6 4. f4 Bg7 5. Nf3 O-O 6. Be2 c5 7. d5 b6 8. O-O Ba6 9. a4 Bxe2 10.
Qxe2 a6 11. Rd1 h6 12. Ra3 Qc7 13. e5 Ne8 14. e6 Nf6 15. exf7+ Rxf7 16. Nh4 Nbd7 17. Nxg6 Nf8 18. Nxf8 Raxf8 19. Qxa6 Qd7 20. Qe2 Qf5 21. Qd3 Qg4 22. Ne2 Nh5 23. Qf3 Qg6 24. Qd3 Qg4 25. Rf1 Nf6 26. c4 Qh5 27. Ng3 Qg4 28.
h3 Qd7 29. b3 Nh7 30. Ra2 Bd4+ 31. Kh1 e5 32. dxe6 Qxe6 33. Re2 Qf6 34. Ne4 Qg6 35. Qg3 Qxg3 36. Nxg3 Be5 37. Ree1 Bxf4 38.
Bxf4 Rxf4 39. Rxf4 Rxf4 40. Ne4 Ng5 41.
Nxd6 Rd4 42. Re8+ Kh7 43. Nc8 Rd3 44. Nxb6 Rxb3 45. a5 Nf7 46. Nd7 Nd6 47. Re7+ Kg8 48. Nxc5 Rb1+ 49. Kh2 Nxc4 50. a6 Nd6 51. Rd7 Nf7 52.
Rb7 Ra1 53. a7 Kg7 54. h4 Kg6 55. h5+ Kf6 56. Nd7+ Ke6 57. Nb6 Nd8 58. Rh7 Kd5 1-0